 Dungeon Crawl Stone Soup version 0.29.0-11-gd7f09526c8 (webtiles) character file.

Game seed: 13094294646995750743

809 SensoryNuts the Cudgeller (level 8, 0/61 HPs)
             Began as a Formicid Fighter on Sept 2, 2022.
             Killed by divine providence
             ... invoked by an orc priest
              (14 damage)
             ... on level 5 of the Dungeon.
             The game lasted 00:02:52 (2171 turns).

SensoryNuts the Cudgeller (Formicid Fighter)        Turns: 2171, Time: 00:02:52

Health: 0/61       AC:  9    Str: 22    XL:     8   Next: 15%
Magic:  8/8        EV: 10    Int:  9    God:
Gold:   127        SH:  5    Dex: 13    Spells: 7/7 levels left

rFire   . . .      SeeInvis +   a - +0 flail
rCold   . . .      Faith    .   c - +0 buckler
rNeg    . . .      Spirit   .   b - +0 scale mail
rPois   .          Reflect  .   (helmet unavailable)
rElec   .          Harm     .   (no cloak)
rCorr   .          Rampage  .   (no gloves)
Will    .....                   j - +1 pair of boots
Stlth   ..........              (no amulet)
HPRegen 0.20/turn               (no ring)
MPRegen 0.11/turn               (no ring)

@: no status effects
A: permanent stasis, dig shafts and tunnels, antennae 3, four strong arms
a: Dig, Shaft Self


You were on level 5 of the Dungeon.
You visited 1 branch of the dungeon, and saw 5 of its levels.

You collected 127 gold pieces.

Inventory:

Hand Weapons
 a - a +0 flail (weapon)
Armour
 b - a +0 scale mail (worn)
 c - a +0 buckler (worn)
 j - a +1 pair of boots (worn)
Jewellery
 d - an amulet of the acrobat
 l - an amulet of guardian spirit
Scrolls
 g - a scroll of poison
Potions
 e - a potion of haste {unknown}
 f - a potion of curing {unknown}
 h - a potion of flight {unknown}
 i - a potion of resistance {unknown}


   Skills:
 + Level 4.6 Fighting
 * Level 6.7 Maces & Flails
 + Level 4.9 Armour
 + Level 1.6 Dodging
 + Level 1.2 Stealth
 + Level 5.0 Shields


You had 7 spell levels left.
You didn't know any spells.
Your spell library contained the following spells:

 Spells                   Type           Power      Damage    Failure   Level
 Lesser Beckoning         Tloc           0%         N/A       98%         3
 Manifold Assault         Tloc           0%         N/A       100%        5
 Blink                    Tloc           Unusable   N/A       N/A         2

Dungeon Overview and Level Annotations

Branches:
Dungeon (6/15)
 Temple: D:4-7

Altars:

Shops:
D:1 !


Innate Abilities, Weirdness & Mutations

You cannot be hasted, slowed, berserked, paralysed or teleported.
You can dig through walls and to a lower floor.
You have a pair of large antennae on your head. (SInv)
Your four strong arms can wield two-handed weapons with a shield.


Message History

The orc barely misses you.
You sock the orc!
You kill the orc!
You hit the orc.
The orc is heavily wounded.
The orc barely misses you.
You hit the orc.
You kill the orc!
You hit the orc.
The orc is lightly wounded.
The orc barely misses you. The orc closely misses you.
You hit the orc.
The orc is moderately wounded.
The orc barely misses you.
You closely miss the orc.
The orc is moderately wounded.
The orc barely misses you.
The orc priest calls down the wrath of Beogh upon you.
Beogh smites you!
* * * LOW HITPOINT WARNING * * *
You closely miss the orc.
The orc is moderately wounded.
The orc barely misses you.
The orc priest looks braver for a moment.
You barely miss the orc.
The orc is moderately wounded.
The orc barely misses you.
You hit the orc.
The orc is severely wounded.
The orc hits you with a +0 flail.
* * * LOW HITPOINT WARNING * * *
The orc closely misses you.
You sock the orc!
You kill the orc!
You barely miss the orc priest. The orc priest closely misses you.
You hit the orc priest.
The orc priest is heavily wounded.
The orc priest mumbles some strange prayers to Beogh against you.
Beogh smites you!
You die...

..##............#...#.#$#..
...##...........#...#.#$#..
..##...........#...#.#$#..
.................+.#$#..
##.(.........#.#
#............?..
######..........#
#o#.........o #@#..o.......
#.#...... #.#...... ...
..... #.. .... ##.. .. ...


You could see an orc priest.

Vanquished Creatures
  Sigmund (D:2)
  A black bear (D:5)
  A centaur (D:6)
  A scorpion (D:5)
  2 jellies
  2 hounds (D:5)
  An orc priest (D:5)
  An iguana (D:5)
  2 orc wizards (D:5)
  Natasha (thrice) (D:2)
  8 adders
  3 dart slugs
  4 orcs (D:5)
  5 ball pythons
  4 endoplasms (D:1)
  A giant cockroach (D:1)
  7 hobgoblins
  4 bats
  3 frilled lizards
  3 goblins
  6 kobolds
  6 rats
69 creatures vanquished.

Notes
Turn   | Place    | Note
-------+----------+-------------------------------------------
     0 | D:1      | SensoryNuts the Formicid Fighter began the quest for the
                  | Orb.
     0 | D:1      | Reached XP level 1. HP: 18/18 MP: 1/1
    74 | D:1      | Found Mourip's Distillery.
    82 | D:1      | Reached XP level 2. HP: 10/24 MP: 2/2
   473 | D:1      | Reached XP level 3. HP: 15/30 MP: 3/3
   817 | D:2      | Reached XP level 4. HP: 24/37 MP: 4/4
   828 | D:1      | Reached skill level 3 in Maces & Flails
  1126 | D:2      | Noticed Sigmund
  1149 | D:2      | Killed Sigmund
  1150 | D:2      | Reached skill level 4 in Maces & Flails
  1150 | D:2      | Reached skill level 1 in Dodging
  1150 | D:2      | Reached XP level 5. HP: 19/42 MP: 5/5
  1150 | D:2      | Reached XP level 6. HP: 22/48 MP: 6/6
  1427 | D:2      | Reached skill level 1 in Stealth
  1464 | D:2      | Found a faded altar of an unknown god.
  1518 | D:2      | Noticed Natasha
  1526 | D:2      | Killed Natasha
  1586 | D:2      | Noticed Natasha
  1594 | D:2      | Killed Natasha
  1627 | D:2      | Noticed Natasha
  1632 | D:2      | Killed Natasha
  1633 | D:2      | Reached skill level 5 in Maces & Flails
  1633 | D:2      | Reached XP level 7. HP: 54/55 MP: 7/7
  1707 | D:3      | Identified the +5 dagger "Qaant" {venom, Will+}
  1717 | D:3      | You fall into a shaft and drop 3 floors!
  1743 | D:5      | Entered Level 5 of the Dungeon
  1758 | D:5      | Reached skill level 6 in Maces & Flails
  2124 | D:5      | Reached XP level 8. HP: 60/61 MP: 8/8
  2153 | D:5      | Reached skill level 5 in Shields
  2171 | D:5      | Killed from afar by an orc priest

Illustrated notes

Levels and vault maps discovered:
D:1:      tarquinn_simple_flora_water_c, layout_rooms, serial_shops, shop
D:2:      layout_rooms, shapermc_ecumenical_altar_acropolis, uniq_natasha,
          uniq_sigmund
D:3:      layout_rooms
D:5:      lemuel_ice_spiral_2, layout_rooms, temple_doors_e
D:6:      layout_rooms, mainiacjoe_overflow_alcove_2,
          gammafunk_temple_overflow_forgotten,
          chequers_temple_overflow_minitemple, gammafunk_ghost_necromancy,
          uniq_crazy_yiuf_cottage, uniq_edmund

Skill      XL: |  1  2  3  4  5  6  7  8 |
---------------+-------------------------+-----
Maces & Flails | 4 5 6 |  6.7
Fighting       | 4 |  4.6
Armour         | 4 |  4.9
Dodging        | 1 |  1.6
Stealth        | 1 |  1.2
Shields        | 5 |  5.0

Action                   |  1- 3 |  4- 6 |  7- 9 || total
-------------------------+-------+-------+-------++-------
Melee: Flail             |    67 |    81 |    62 ||   210
  Use: Potion            |       |     1 |     1 ||     2
       Scroll            |       |       |     3 ||     3
Armor: Scale mail        |    26 |    32 |    35 ||    93
Dodge: Dodged            |    22 |    48 |    48 ||   118
Block: Buckler           |    21 |    19 |    19 ||    59
